 Dungeon Crawl Stone Soup version 0.23-a0-183-gf37f6fb (webtiles) character file.

1320 digijack the Skirmisher (level 8, -5/64 HPs)
             Began as a Demonspawn Monk on Sept 21, 2018.
             Was a Priest of Uskayaw.
             Slain by an orc warrior
             ... wielding a +0 battleaxe
              (18 damage)
             ... on level 7 of the Dungeon on Sept 23, 2018.
             The game lasted 00:29:11 (4884 turns).

digijack the Skirmisher (Demonspawn Monk)           Turns: 4884, Time: 00:29:12

Health: -5/64      AC: 12    Str: 13    XL:     8   Next: 33%
Magic:  11/11      EV: 15    Int: 12    God:    Uskayaw [***...]
Gold:   337        SH:  0    Dex: 16    Spells: 7/7 levels left

rFire    + . .     SeeInvis +   d - +2 war axe
rCold    . . .     Gourm    .   (no shield)
rNeg     . . .     Faith    .   k - +1 steam dragon scales
rPois    +         Spirit   .   a - +2 helmet {SInv}
rElec    .         Reflect  .   w - +0 cloak
rCorr    .         Harm     .   g - +0 pair of gloves
MR       .....                  (no boots)
Stlth    ++........             (no amulet)
HPRegen  0.20/turn              s - ring of poison resistance
MPRegen  0.12/turn              q - ring of fire

@: no status effects
A: hooves 1, cold resistance 1, powered by death 2
a: Stomp, Line Pass, Renounce Religion


You were on level 7 of the Dungeon.
You worshipped Uskayaw.
Uskayaw was noncommittal.
You were hungry.

You visited 1 branch of the dungeon, and saw 7 of its levels.

You collected 365 gold pieces.
You spent 28 gold pieces at shops.

Inventory:

Hand Weapons
 d - a +2 war axe (weapon)
Missiles
 b - 283 stones
 t - 5 tomahawks (quivered)
Armour
 a - a +2 helmet of see invisible (worn)
 g - a +0 pair of gloves (worn)
 k - +1 steam dragon scales (worn)
 v - a +2 leather armour of poison resistance
 w - a +0 cloak (worn)
Jewellery
 h - an uncursed ring of protection from cold
 q - a ring of fire (right hand)
 s - a ring of poison resistance (left hand)
Wands
 m - a wand of digging (21)
 r - a wand of paralysis (13)
Scrolls
 l - 6 scrolls of remove curse
 n - a scroll of teleportation
Potions
 e - 3 potions of curing
 f - 3 potions of heal wounds
 i - a potion of invisibility {unknown}
 j - 2 potions of brilliance
 o - 2 potions of agility
 p - a potion of haste
 u - a potion of mutation
Comestibles
 c - 10 rations


   Skills:
 + Level 5.7 Fighting
 + Level 5.2 Axes
 + Level 3.3 Armour
 + Level 5.2 Dodging
 - Level 1.7 Stealth
 + Level 4.6 Invocations


You had 7 spell levels left.
You didn't know any spells.
Your spell library was empty.

Dungeon Overview and Level Annotations

Branches:
Dungeon (7/15)             Temple (0/1) D:6

Altars:
Ashenzari
Gozag
Uskayaw

Shops:
D:4 *   D:6 *


Innate Abilities, Weirdness & Mutations

You have large cloven feet.
Your flesh is cold resistant. (rC+)
You regenerate health from kills.


Message History

The orc shouts!
You hit the orc warrior.
You kick the orc warrior, but do no damage.
The orc warrior is severely wounded.
You closely miss the orc wizard. You barely miss the orc warrior.
You hear a shout!
You hear a loud, deep croak!
The orc warrior closely misses you.
The orc wizard points at you and mumbles some strange words.
The puff of flame hits you! You resist.
The orc warrior hits you with a battleaxe.
* * * LOW HITPOINT WARNING * * *
You completely miss the orc warrior. Your kick misses the orc warrior.
The orc warrior is severely wounded.
You hit the orc wizard.
You kill the orc wizard!
You closely miss the orc warrior.
The orc warrior hits you with a battleaxe!
* * * LOW HITPOINT WARNING * * *
The orc warrior hits you with a battleaxe!!
You die...

.....##### ## ....##
.##.## ###
.....#####.# #.. #
>##........# #.# #..
##.####### #.# ..
##.## ##.##.##.#
#...# #..)......
#...# #.@o......
#...# #####.#o#####.
#...#####..........#
#...##......#...##...
###...##.##.#.##..#
... ............#.#
.... ..
............#.#
..##.. .
............#.# #.# .
#.............# .#


You could see 2 orc warriors.

Vanquished Creatures
  Eustachio (D:6)
  An ice beast (D:5)
  A phantom (D:4)
  2 centaurs (D:5)
  A bullfrog (D:6)
  A wyvern skeleton (D:6)
  A water moccasin skeleton (D:5)
  A howler monkey (D:5)
  A bullfrog zombie (D:6)
  2 hounds
  2 crimson imps
  An orc priest (D:7)
  Terence (D:2)
  Jessica (D:3)
  An iguana (D:4)
  3 worker ants
  3 orc wizards
  A hound skeleton (D:6)
  2 worker ant zombies (D:6)
  A howler monkey skeleton (D:5)
  6 adders
  A shadow imp (D:7)
  An ooze (D:2)
  3 dart slugs
  4 leopard geckos
  13 orcs
  2 ball pythons
  6 bats
  4 giant cockroaches
  9 goblins
  7 hobgoblins
  11 jackals
  7 kobolds
  A quokka (D:6)
  2 frilled lizards
  A leopard gecko skeleton (D:5)
  8 rats
114 creatures vanquished.

Notes
Turn   | Place    | Note
-------+----------+-------------------------------------------
     0 | D:1      | digijack the Demonspawn Monk began the quest for the Orb.
     0 | D:1      | Reached XP level 1. HP: 18/18 MP: 1/1
   224 | D:1      | Gained mutation: You have large cloven feet. [demonic
                  | ancestry]
   224 | D:1      | Reached XP level 2. HP: 22/24 MP: 2/2
  1027 | D:2      | Gained mutation: Your flesh is cold resistant. (rC+)
                  | [demonic ancestry]
  1027 | D:2      | Reached XP level 3. HP: 27/29 MP: 3/3
  1230 | D:2      | Noticed Terence
  1245 | D:2      | Killed Terence
  1245 | D:2      | Reached XP level 4. HP: 21/37 MP: 4/4
  1984 | D:3      | Found a hide-covered altar of Uskayaw.
  1984 | D:3      | Noticed Jessica
  1990 | D:3      | Became a worshipper of Uskayaw the Reveler
  1990 | D:3      | Reached * piety under Uskayaw
  1996 | D:3      | Reached ** piety under Uskayaw
  1997 | D:3      | Killed Jessica
  1997 | D:3      | Reached XP level 5. HP: 32/42 MP: 5/5
  2071 | D:3      | Found an opulent altar of Gozag.
  2381 | D:4      | Found Zixy's General Store.
  2408 | D:4      | Bought a scroll of identify for 28 gold pieces
  2438 | D:4      | Reached skill level 1 in Armour
  2541 | D:4      | Noticed a phantom
  2598 | D:4      | Killed a phantom
  2598 | D:4      | Reached skill level 1 in Invocations
  2598 | D:4      | Gained mutation: You regenerate a little health from kills.
                  | [demonic ancestry]
  2598 | D:4      | Reached XP level 6. HP: 22/49 MP: 2/6
  3060 | D:5      | Entered Level 5 of the Dungeon
  3303 | D:5      | Reached *** piety under Uskayaw
  3310 | D:5      | Reached **** piety under Uskayaw
  3313 | D:5      | Gained mutation: You regenerate health from kills. [demonic
                  | ancestry]
  3313 | D:5      | Reached XP level 7. HP: 42/55 MP: 3/8
  3317 | D:5      | Reached ***** piety under Uskayaw
  3684 | D:5      | Reached skill level 5 in Fighting
  4192 | D:6      | Found a shattered altar of Ashenzari.
  4298 | D:6      | Found a staircase to the Ecumenical Temple.
  4313 | D:6      | Noticed Eustachio
  4343 | D:6      | Killed Eustachio
  4343 | D:6      | Reached skill level 5 in Axes
  4343 | D:6      | Reached skill level 5 in Dodging
  4343 | D:6      | Reached XP level 8. HP: 36/63 MP: 9/11
  4387 | D:6      | Found Touqoff's General Store.
  4884 | D:7      | Slain by an orc warrior

Vault maps used:
D:1:      kennysheep_arrival_seaside, minmay_tripent
D:2:      first_ration, uniq_terence
D:3:      old_standard_altar, nicolae_gozag_seed_capital, uniq_jessica
D:4:      serial_shops, shop, kennysheep_potato
D:6:      minmay_temple_entry_glass, serial_shops, nicolae_shop_waterfront,
          evilmike_ruin_ashenzari, uniq_eustachio

Skill      XL: |  1  2  3  4  5  6  7 |
---------------+----------------------+-----
Dodging        | 3 4 5 |  5.2
Axes           | 3 4 5 |  5.2
Fighting       | 4 5 |  5.7
Armour         | 1 2 3 |  3.3
Invocations    | 1 2 4 |  4.6
Stealth        | |  1.7

Action                   |  1- 3 |  4- 6 |  7- 9 || total
-------------------------+-------+-------+-------++-------
Melee: Hand axe          |   105 |   130 |       ||   235
       Kick              |    22 |    37 |    34 ||    93
       War axe           |       |    36 |   110 ||   146
Invok: Line Pass         |       |     2 |       ||     2
  Use: Scroll            |     6 |     8 |     1 ||    15
       Potion            |       |     6 |       ||     6
 Stab: Sleeping          |     3 |     4 |     3 ||    10
       Paralysed         |       |     2 |     5 ||     7
       Confused          |       |     1 |       ||     1
  Eat: Chunk             |     1 |     7 |     5 ||    13
Armor: Robe              |    17 |       |       ||    17
       Steam dragon scal |     9 |    49 |    56 ||   114
Dodge: Dodged            |    78 |   143 |   111 ||   332

Table legend:
 A = Non-vault XP
 B = Vault XP
 C = Vault XP percentage of total XP
 D = Non-vault monster count
 E = Vault monster count
 F = Vault count percentage of total count
                 A         B        C        D         E       F
            +---------+---------+-------+---------+---------+-------
      Total |    1599 |     287 |  15.2 |     108 |       6 |   5.3
            +---------+---------+-------+---------+---------+-------
        D:1 |      34 |       3 |   8.1 |      18 |       2 |  10.0
        D:2 |      58 |      38 |  39.6 |      23 |       1 |   4.2
        D:3 |      83 |      37 |  30.8 |      14 |       1 |   6.7
        D:4 |     227 |      13 |   5.4 |       7 |       1 |  12.5
        D:5 |     628 |       0 |   0.0 |      21 |       0 |   0.0
        D:6 |     337 |     196 |  36.8 |      17 |       1 |   5.6
        D:7 |     232 |       0 |   0.0 |       8 |       0 |   0.0
            +---------+---------+-------+---------+---------+-------
